 Dungeon Crawl Stone Soup version 0.24-a0-284-g9fb9971df1 (webtiles) character file.

Game seed: 15729598852013484849

3707 Redear the Insei (level 10, -12/69 HPs)
             Began as an Octopode Transmuter on May 4, 2019.
             Was an Initiate of Gozag.
             Mangled by a two-headed ogre
             ... wielding a cursed -3 giant club
              (22 damage)
             ... on level 8 of the Dungeon.
             The game lasted 00:23:38 (9749 turns).

Redear the Insei (Octopode Transmuter)              Turns: 9749, Time: 00:23:38

Health: -12/69     AC:  6    Str: 12    XL:     10   Next: 14%
Magic:  15/19      EV: 14    Int: 21    God:    Gozag
Gold:   191        SH:  0    Dex: 18    Spells: 11/21 levels left

rFire    x . .     SeeInvis .     - Unarmed
rCold    + + +     Gourm    .   (shield currently unavailable)
rNeg     . . .     Faith    .   (helmet currently unavailable)
rPois    +         Spirit   .   (no amulet)
rElec    .         Reflect  .   g - ring of resist corrosion
rCorr    +         Harm     .   e - +3 ring of dexterity
MR       .....                  q - +2 ring of dexterity
Stlth    ++........             (no ring)
HPRegen  0.21/turn              (no ring)
MPRegen  0.16/turn              (no ring)
                                (no ring)
                                (no ring)

@: brilliant, ice-form
A: large, almost no armour, stealthy swim, amphibious, 8 rings, (constrict 8)
a: End Transformation, Potion Petition, Call Merchant, Bribe Branch, Renounce
Religion


You were on level 8 of the Dungeon.
You worshipped Gozag.
Gozag was aware of your devotion.
You were near starving.
You were a creature of crystalline ice.
You visited 2 branches of the dungeon, and saw 9 of its levels.

You collected 783 gold pieces.
You spent 540 gold pieces at shops.
You paid 52 gold pieces to Gozag.

Inventory:

Missiles
 a - 118 arrows
 Z - 4 throwing nets (quivered) {+f}
Magical Staves
 p - an uncursed staff of poison {rPois}
Jewellery
 e - a +3 ring of dexterity (right front paw)
 g - a ring of resist corrosion (left front paw)
 q - a +2 ring of dexterity (on tentacle)
Wands
 i - a wand of polymorph (4)
 n - a wand of random effects (21)
 P - a wand of paralysis (3)
 S - a wand of scattershot (3)
Scrolls
 b - a scroll of enchant weapon {unknown}
 c - a scroll of amnesia {unknown}
 d - 2 scrolls of remove curse {unknown}
 f - a scroll of noise {unknown}
 h - a scroll of fog {unknown}
 j - 4 scrolls of teleportation {unknown}
 k - a scroll of enchant armour {unknown}
 l - a scroll of blinking {unknown}
 M - 4 scrolls of magic mapping
 R - 4 scrolls of identify {@r1}
Potions
 m - a potion of brilliance {Archmagi Int+5 Wiz++}
 o - a potion of agility {unknown}
Comestibles
 z - 13 rations


   Skills:
 - Level 1.0 Fighting
 + Level 6.7 Dodging
 + Level 7.1 Unarmed Combat
 + Level 6.2 Spellcasting
 + Level 6.7 Transmutations
 + Level 5.9 Ice Magic


You had 11 spell levels left.
You knew the following spells:

 Your Spells              Type           Power        Failure   Level  Hunger
s - Sticks to Snakes      Tmut           #####...     1%          2    None
z - Beastly Appendage     Tmut           #####.       1%          1    None
I - Ice Form              Ice/Tmut       #####...     1%          4    ###....
O - Spider Form           Tmut/Pois      ####......   1%          3    #......

Your spell library contained the following spells:

 Spells                   Type           Power        Failure   Level  Hunger
 Blade Hands              Tmut           #####.....   2%          5    #####..


Dungeon Overview and Level Annotations

Branches:
Dungeon (8/15)             Temple (1/1) D:4
   Lair: D:8-11

Altars:
Cheibriados
Elyvilon
Fedhas
Gozag
Hepliaklqana
Kikubaaqudgha
Nemelex Xobeh
Okawaru
Ru
Uskayaw
Vehumet
Wu Jian
Xom
Yredelemnul
The Shining One

Shops:
D:4 (


Innate Abilities, Weirdness & Mutations

You cannot wear most types of armour.
You are very stealthy in the water. (Stealth+)
You are amphibious.
You can wear up to eight rings at the same time.
((You can use your tentacles to constrict eight enemies at once.))
((Your skin changes colour to match your surroundings (Stealth+).))
((Your rubbery body absorbs attacks. (AC +1, EV +1)))


Message History

The wight hits you with a +4 hand axe.
You take 4 damage, and have 46/69 hp.
You hit the wight.
The wight is lightly damaged.
The two-headed ogre hits you with a cursed -3 giant club!
The two-headed ogre hits you with a +0 giant club!!
* * * LOW HITPOINT WARNING * * *
The wight hits you with a +4 hand axe.
* * * LOW HITPOINT WARNING * * *
You take 36 damage, and have 10/69 hp.
MASSIVE DAMAGE!!
Okay, then.
Okay, then.
Okay, then.
Unknown command.
You hit the two-headed ogre but do no damage.
The two-headed ogre is moderately wounded.
A wight comes into view. It is wielding a +1 flail.
The two-headed ogre hits you with a cursed -3 giant club!!
You die...
Your body crumbles into a pile of gold.

#.#### #.##.. # #
#.##.##.##.##
#.##.......O.
#.##.##.#.###
#......#.#
####.O...# #O###.#
#Y# .# #z# .. #.###
# #.z.#
##############.#
...........###.#
######.###.##.###.##
#.# #...........
#.###.#.######.#


You could see a two-headed ogre, an ogre and 2 wights.

Vanquished Creatures
  Harold (D:7)
  Pikel (D:5)
  Grinder (D:6)
  Duvessa (D:5)
  2 sky beasts
  An ice beast (D:6)
  A phantom (D:5)
  4 slaves (D:5)
  2 black bears (D:6)
  2 ogres
  2 centaurs (D:5)
  3 bullfrogs (D:6)
  A scorpion (D:7)
  Dowan (D:5)
  5 wights
  3 killer bees (D:7)
  3 howler monkeys
  A crimson imp (D:6)
  A bullfrog zombie (D:7)
  3 orc priests (D:6)
  Terence (D:3)
  A jelly (D:6)
  2 orc wizards (D:6)
  A centaur skeleton (D:4)
  Jessica (D:3)
  3 iguanas
  4 worker ants
  A hound zombie (D:5)
  A gnoll (D:3)
  6 adders
  2 dart slugs
  2 leopard geckos
  7 orcs
  A ball python (D:6)
  7 giant cockroaches
  6 goblins
  7 hobgoblins
  12 jackals
  4 quokkas
  9 bats
  4 frilled lizards
  3 kobolds
  8 rats
132 creatures vanquished.

Notes
Turn   | Place    | Note
-------+----------+-------------------------------------------
     0 | D:1      | Redear the Octopode Transmuter began the quest for the Orb.
     0 | D:1      | Reached XP level 1. HP: 13/13 MP: 3/3
   210 | D:1      | Reached XP level 2. HP: 15/18 MP: 5/5
   817 | D:2      | Reached XP level 3. HP: 21/23 MP: 4/6
   885 | D:2      | HP: 2/23 [poisoned by an adder]
  1546 | D:2      | Reached XP level 4. HP: 15/28 MP: 7/7
  1553 | D:2      | HP: 2/28 [jackal (3)]
  1558 | D:2      | HP: 1/28 [poisoned by an adder]
  2194 | D:3      | Learned a level 3 spell: Spider Form
  2199 | D:3      | Learned a level 4 spell: Ice Form
  2428 | D:3      | Reached skill level 3 in Dodging
  2432 | D:3      | Reached skill level 3 in Transmutations
  2558 | D:3      | Noticed Terence
  2583 | D:3      | Noticed Jessica
  2605 | D:3      | Killed Terence
  2605 | D:3      | Reached XP level 5. HP: 17/33 MP: 7/9
  2622 | D:3      | Killed Jessica
  2946 | D:3      | Reached skill level 3 in Spellcasting
  3480 | D:4      | Reached skill level 4 in Unarmed Combat
  3480 | D:4      | Reached skill level 1 in Ice Magic
  3480 | D:4      | Reached XP level 6. HP: 31/38 MP: 8/10
  3718 | D:4      | Found a staircase to the Ecumenical Temple.
  3777 | Temple   | Entered the Ecumenical Temple
  3783 | Temple   | Became a worshipper of Gozag Ym Sagoz the Greedy
  4330 | D:4      | Found Tywy's Weapon Shoppe.
  5114 | D:4      | Reached skill level 2 in Ice Magic
  5114 | D:4      | Reached XP level 7. HP: 43/43 MP: 12/12
  5282 | D:5      | Entered Level 5 of the Dungeon
  5286 | D:5      | Learned a level 2 spell: Sticks to Snakes
  5293 | D:5      | Found an iron altar of Okawaru.
  5293 | D:5      | Found a glowing golden altar of the Shining One.
  5294 | D:5      | Found a blossoming altar of Fedhas.
  5374 | D:5      | Found a basalt altar of Yredelemnul.
  5456 | D:5      | Noticed Dowan
  5466 | D:5      | Noticed Duvessa
  5487 | D:5      | Killed Duvessa
  5487 | D:5      | Reached skill level 4 in Dodging
  5487 | D:5      | Reached skill level 4 in Transmutations
  5489 | D:5      | HP: 3/64 [Dowan/shard of ice (18)]
  5490 | D:5      | Killed Dowan
  5500 | D:5      | Reached skill level 4 in Spellcasting
  5839 | D:5      | Reached skill level 5 in Unarmed Combat
  6173 | D:5      | Reached skill level 3 in Ice Magic
  6173 | D:5      | Reached XP level 8. HP: 39/48 MP: 12/14
  6256 | D:5      | Noticed Pikel
  6308 | D:5      | Killed Pikel
  6308 | D:5      | Reached skill level 5 in Dodging
  6308 | D:5      | Reached skill level 5 in Transmutations
  6677 | D:5      | Found a white marble altar of Elyvilon.
  6791 | D:5      | Found a shimmering altar of Xom.
  6934 | D:6      | Found a hazy altar of Hepliaklqana.
  6962 | D:6      | Reached skill level 4 in Ice Magic
  7253 | D:6      | Reached skill level 5 in Spellcasting
  7253 | D:6      | Reached XP level 9. HP: 30/53 MP: 16/16
  7516 | D:5      | Reached skill level 6 in Unarmed Combat
  8495 | D:6      | Noticed Grinder
  8509 | D:6      | Killed Grinder
  8509 | D:6      | Reached skill level 6 in Dodging
  8509 | D:6      | Reached skill level 6 in Transmutations
  8509 | D:6      | Reached skill level 5 in Ice Magic
  8979 | D:7      | Found Ydi Xuto's Food Emporium.
  8994 | D:7      | Bought a ration for 60 gold pieces
  8994 | D:7      | Bought a ration for 60 gold pieces
  8994 | D:7      | Bought a ration for 60 gold pieces
  8994 | D:7      | Bought a ration for 60 gold pieces
  8994 | D:7      | Bought a ration for 60 gold pieces
  8994 | D:7      | Bought a ration for 60 gold pieces
  8994 | D:7      | Bought a ration for 60 gold pieces
  8994 | D:7      | Bought a ration for 60 gold pieces
  8994 | D:7      | Bought a ration for 60 gold pieces
  9052 | D:7      | Noticed Harold
  9073 | D:7      | Killed Harold
  9073 | D:7      | Reached skill level 7 in Unarmed Combat
  9073 | D:7      | Reached skill level 6 in Spellcasting
  9073 | D:7      | Reached XP level 10. HP: 20/58 MP: 15/19
  9738 | D:8      | Noticed a two-headed ogre
  9749 | D:8      | Mangled by a two-headed ogre

Levels and vault maps discovered:
D:1:      nzn_arrival_depleted_hourglass, layout_loops_corners
D:2:      layout_rooms, grunt_decor_mini_mirrors,
          wander_ebering_terrifying_dragon_lair, uniq_robin
D:3:      layout_loops_ring, kennysheep_generic_room_5, uniq_terence,
          uniq_jessica
D:4:      layout_basic, temple_pool_b, first_ration, serial_shops, shop
D:5:      layout_gridville, lemuel_crystal_altar,
          gammafunk_temple_overflow_claw, kennysheep_mini_moat,
          yredelemnul_altar_generic, uniq_pikel, uniq_duvessa
D:6:      layout_loops_ring, nicolae_overflow_crystal_walls,
          chequers_serial_rivers_micro_b, uniq_grinder
D:7:      layout_loops_cross, serial_shops, shop, corner_web_ring, uniq_harold
D:8:      layout_loops_ring, makhleb_altar_promises_db,
          hangedman_little_slice_of_home, uniq_maurice
Temple:   eino_narrow_crystal_temple

Skill      XL: |  1  2  3  4  5  6  7  8  9 |
---------------+----------------------------+-----
Dodging        | 3 4 5 6 |  6.7
Transmutations | 3 4 5 6 |  6.7
Spellcasting   | 3 4 5 6 |  6.2
Unarmed Combat | 4 5 7 |  7.1
Ice Magic      | 1 2 3 4 5 |  5.9
Fighting       | |  1.0

Action                   |  1- 3 |  4- 6 |  7- 9 | 10-12 || total
-------------------------+-------+-------+-------+-------++-------
Melee: Unarmed           |    77 |   141 |   238 |    24 ||   480
       Constrict         |    21 |    28 |    23 |     2 ||    74
       Tentacles         |     9 |    22 |    26 |     6 ||    63
       Punch             |     1 |     4 |     3 |     1 ||     9
       Kick              |     6 |    19 |    28 |       ||    53
Throw: Throwing net      |       |     1 |       |       ||     1
 Cast: Beastly Appendage |     8 |    12 |     8 |       ||    28
       Ice Form          |       |       |    11 |     2 ||    13
Invok: Potion Petition   |       |       |     1 |       ||     1
Evoke: Wand              |       |     1 |     1 |     2 ||     4
  Use: Potion            |     2 |     1 |     5 |     1 ||     9
       Scroll            |       |       |     1 |       ||     1
 Stab: Sleeping          |     7 |     3 |     6 |     2 ||    18
       Paralysed         |       |     6 |     6 |       ||    12
       Distracted        |       |       |     1 |       ||     1
  Eat: Chunk             |       |     9 |       |       ||     9
       Ration            |       |     1 |     5 |       ||     6
Armor: Skin              |     6 |     9 |    21 |     1 ||    37
Dodge: Dodged            |    53 |   109 |   130 |    10 ||   302

Table legend:
 A = Non-vault XP
 B = Vault XP
 C = Vault XP percentage of total XP
 D = Non-vault monster count
 E = Vault monster count
 F = Vault count percentage of total count
                 A         B        C        D         E       F
            +---------+---------+-------+---------+---------+-------
      Total |    3121 |    2175 |  41.1 |     119 |       9 |   7.0
            +---------+---------+-------+---------+---------+-------
        D:1 |      32 |       0 |   0.0 |      20 |       0 |   0.0
        D:2 |      86 |       0 |   0.0 |      21 |       0 |   0.0
        D:3 |      78 |      81 |  50.9 |      23 |       4 |  14.8
        D:4 |     342 |       0 |   0.0 |       7 |       0 |   0.0
        D:5 |     576 |     863 |  60.0 |       8 |       3 |  27.3
        D:6 |    1372 |     281 |  17.0 |      27 |       1 |   3.6
        D:7 |     503 |     950 |  65.4 |      12 |       1 |   7.7
        D:8 |     132 |       0 |   0.0 |       1 |       0 |   0.0
            +---------+---------+-------+---------+---------+-------
